 Dungeon Crawl Stone Soup version 0.27.1-15-g792fb953b9 (webtiles) character file.

Game seed: 5823216005298293083

105 Gabide the Shield-Bearer (level 4, -5/42 HPs)
             Began as a Deep Dwarf Fighter on Nov 19, 2021.
             Killed by divine providence
             ... invoked by an orc priest
              (13 damage)
             ... on level 3 of the Dungeon.
             The game lasted 00:03:10 (1314 turns).

Gabide the Shield-Bearer (Deep Dwarf Fighter)       Turns: 1314, Time: 00:03:10

Health: -5/42      AC:  8    Str: 21    XL:     4   Next: 54%
Magic:  3/3        EV:  4    Int:  8    God:
Gold:   115        SH:  0    Dex: 12    Spells: 3/3 levels left

rFire    . . .     SeeInvis .   a - +0 flail
rCold    . . .     Faith    .   c - +0 kite shield
rNeg     . . .     Spirit   .   b - +0 scale mail
rPois    .         Reflect  +   h - +1 hat
rElec    .         Harm     .   (no cloak)
rCorr    .         Rampage  .   (no gloves)
Will     .....                  (no boots)
Stlth    ..........             f - amulet of reflection
HPRegen  0.00/turn              (no ring)
MPRegen  0.08/turn              (no ring)

@: confused, constricted
A: damage resistance, heal wounds, sense surroundings 1, no regeneration
a: Heal Wounds


You were on level 3 of the Dungeon.
You visited 1 branch of the dungeon, and saw 4 of its levels.

You collected 115 gold pieces.

Inventory:

Hand Weapons
 a - a +0 flail (weapon)
Missiles
 n - 8 boomerangs of dispersal
Armour
 b - a +0 scale mail (worn)
 c - a +0 kite shield (worn)
 h - a +1 hat (worn)
Jewellery
 f - an amulet of reflection (around neck)
Wands
 m - a wand of polymorph (12)
Scrolls
 j - a scroll of identify
 k - a scroll of teleportation
Potions
 d - a potion of might
 e - 2 potions of mutation
 g - a potion of attraction {unknown}
 i - 2 potions of curing {unknown}
 l - a potion of degeneration {unknown}


   Skills:
 + Level 3.1 Fighting
 + Level 3.3 Maces & Flails
 + Level 3.9 Armour
 + Level 0.7 Dodging
 + Level 4.0 Shields


You had 3 spell levels left.
You didn't know any spells.
Your spell library was empty.

Dungeon Overview and Level Annotations

Branches:
Dungeon (4/15)
 Temple: D:4-7

Altars:
Ashenzari
Sif Muna


Innate Abilities, Weirdness & Mutations

You are resistant to damage.
You can heal yourself by infusing magical energy.
You passively map a small area around you.
You do not regenerate.


Message History

Beogh smites you!
* * * LOW HITPOINT WARNING * * *
The ball python bites you but does no damage.
The ball python grabs you. The ball python constricts you.
The orc priest calls upon Beogh to heal the orc.
The orc's wounds heal themselves!
You barely miss the ball python.
The orc wizard gestures at you while chanting.
You resist with some effort. The orc hits you but does no damage.
The ball python bites you but does no damage.
The ball python constricts you. The orc hits you with a +0 short sword.
The ball python bites you but does no damage.
The ball python constricts you.
You bump into the rock wall.
The orc priest casts a cantrip, but nothing happens.
The orc wizard hits you but does no damage.
The ball python bites you but does no damage.
The ball python constricts you. The orc hits you with a +0 short sword.
* * * LOW HITPOINT WARNING * * *
You barely miss the ball python.
The ball python bites you but does no damage.
The ball python constricts you.
The orc wizard hits you with a +0 dagger.
The orc hits you with a +0 short sword.
* * * LOW HITPOINT WARNING * * *
The ball python barely misses you. The ball python constricts you.
You hit the orc.
The orc is heavily wounded.
The orc wizard hits you with a +0 dagger.
The orc hits you but does no damage.
The ball python bites you but does no damage.
The ball python constricts you.
The orc wizard hits you but does no damage.
The orc hits you but does no damage.
You're too confused to move!
The ball python bites you but does no damage.
The ball python constricts you.
The orc priest calls down the wrath of Beogh upon you.
Beogh smites you!
You die...

#.# #......## #.#
##.......## *#.#
#..≈≈.≈≈..# ..#
#...≈.≈...##
#####.≈.....≈..#
.#####..≈≈...≈≈..#
..........._.....#
.....##.≈≈...≈≈.)#
..... #.≈.....≈o@#
...., #...≈.≈..So#
.... #..≈≈.≈≈..o#
... ..........#.#
... .............#
.......(.....# ,
............#
...........#
..........#


You could see an orc priest, an orc wizard, an orc and a ball python.

Vanquished Creatures
  A hound (D:4)
  A worm (D:2)
  2 dart slugs (D:1)
  9 orcs
  3 endoplasms
  6 giant cockroaches (D:1)
  3 hobgoblins (D:1)
  3 jackals (D:1)
  4 kobolds
  3 quokkas
  4 ball pythons (D:1)
  7 bats
  3 goblins
  6 rats
55 creatures vanquished.

Notes
Turn   | Place    | Note
-------+----------+-------------------------------------------
     0 | D:1      | Gabide the Deep Dwarf Fighter began the quest for the Orb.
     0 | D:1      | Reached XP level 1. HP: 20/20 MP: 1/1
    58 | D:1      | Reached XP level 2. HP: 21/27 MP: 2/2
   277 | D:1      | Reached XP level 3. HP: 33/33 MP: 2/2
   855 | D:2      | Found a faded altar of an unknown god.
  1099 | D:2      | You fall into a shaft and drop 2 floors!
  1099 | D:4      | Found a shimmering blue altar of Sif Muna.
  1136 | D:4      | Reached XP level 4. HP: 36/42 MP: 3/3
  1248 | D:4      | Reached skill level 4 in Shields
  1274 | D:3      | Found a broken altar of Ashenzari.
  1314 | D:3      | Killed from afar by an orc priest

Illustrated notes

Levels and vault maps discovered:
D:1:      ncdulo_wetmaze, layout_loops_cross, minmay_tetromino_t2
D:2:      layout_loops_cross, dreamdust_ecumenical_altar_angels_and_demons
D:3:      layout_rooms, mainiacjoe_overflow_small_starburst, item_on_display_a,
          uniq_grinder, uniq_crazy_yiuf_cottage, uniq_jessica, uniq_robin,
          uniq_ijyb
D:4:      layout_cave_pods, mainiacjoe_overflow_paths, kennysheep_mini,
          vehumet_statue, temple_doors_ab, guppyfry_shop_venom

Skill      XL: |  1  2  3  4 |
---------------+-------------+-----
Fighting       | 3 |  3.1
Maces & Flails | 3 |  3.3
Shields        | 4 |  4.0
Armour         | |  3.9
Dodging        | |  0.7

Action                   |  1- 3 |  4- 6 || total
-------------------------+-------+-------++-------
Melee: Flail             |   157 |    24 ||   181
 Abil: Heal Wounds       |     1 |       ||     1
  Use: Scroll            |     3 |       ||     3
Armor: Scale mail        |    64 |    31 ||    95
Dodge: Dodged            |    39 |     9 ||    48
Block: Kite shield       |   122 |    27 ||   149
       Reflection        |       |     2 ||     2
